Map: Thunderbird LE

Players

Mez - Winner!

  • Race: Terran Terran
  • League: Master
  • Spawn Location: 11:00

Aerocool

  • Race: Protoss Protoss
  • League: Diamond
  • Spawn Location: 5:00

VOD

Have the link to the VOD?

Description

Time

  • Played on: Aug. 31, 2019, 7:40 a.m.
  • Length: 10:50
Show
View Real Time Build Order
Export as new Build Order

Mez Terran - Winner!

Build Orders: Reaper Expand 

Get SALT Encoding   

  12  0:00  SCV  
  13  0:12  SCV  
  14  0:17  Supply Depot  
  14  0:25  SCV  
  15  0:38  SCV  
  15  0:40  Barracks  
  16  0:44  Refinery  
  16  0:50  SCV  
  17  1:02  SCV  
  18  1:15  SCV  
  19  1:29  Orbital Command, Reaper  
  20  1:40  Command Center  
  20  1:55  SCV  
  20  1:56  Supply Depot  
  20  2:00  Bunker  
  21  2:02  Marine  
  21  2:07  SCV  
  23  2:19  SCV  
  23  2:22  Barracks Reactor  
  24  2:32  Command Center  
  24  2:41  Factory  
  24  2:43  SCV  
  25  2:53  Orbital Command  
  25  2:56  SCV  
  26  2:59  Marine x2  
  26  3:04  Refinery  
  28  3:08  SCV  
  29  3:17  Marine x2  
  29  3:19  SCV  
  32  3:21  SCV  
  32  3:26  Widow Mine  
  35  3:27  Starport  
  35  3:34  SCV  
  35  3:35  SCV, Marine x2  
  39  3:46  Orbital Command, SCV  
  40  3:50  Widow Mine  
  40  3:51  SCV  
  40  3:55  Refinery  
  43  3:59  SCV  
  44  4:04  Starport Tech Lab, Barracks  
  43  4:10  Marine x2  
  43  4:12  Factory Tech Lab  
  43  4:15  SCV x3  
  48  4:23  Barracks  
  48  4:27  SCV x2  
  48  4:28  Marine x2  
  48  4:29  Raven  
  54  4:42  SCV x2  
  54  4:43  SCV  
  57  4:46  Supply Depot, Refinery  
  57  4:50  Supply Depot, Factory Reactor  
  57  5:03  SCV x2  
  57  5:04  Marine, Engineering Bay, SCV  
  57  5:05  Engineering Bay  
  57  5:06  Stimpack  
  61  5:07  Marine  
  61  5:08  Marauder  
  61  5:13  Supply Depot  
  64  5:15  Supply Depot  
  63  5:32  Marauder x2, Marine x2, Combat Shield  
  69  5:36  Medivac x2  
  69  5:39  SCV x2  
  69  5:40  SCV  
  76  5:49  Barracks  
  76  5:50  Barracks  
  76  5:52  Factory Reactor  
  76  5:53  SCV x3  
  78  6:04  Marauder x2, Marine x2  
  78  6:05  SCV  
  78  6:08  Supply Depot  
  78  6:10  Supply Depot  
  85  6:11  Medivac x2  
  85  6:17  Orbital Command  
  89  6:23  Marine x2  
  91  6:26  Marauder  
  91  6:30  Marauder  
  95  6:37  Supply Depot, Terran Infantry Armor Level 1, Terran Infantry Weapons Level 1  
  95  6:38  Supply Depot, SCV  
  96  6:41  Barracks Tech Lab, Marine  
  96  6:42  Barracks Reactor  
  96  6:43  SCV  
  98  6:49  SCV  
  98  6:50  SCV  
  98  6:51  Marauder, Marine x2  
  104  6:56  Medivac  
  105  7:10  Marauder  
  105  7:11  Marauder, Concussive Shells  
  105  7:14  Supply Depot, Armory  
  109  7:16  Marauder  
  109  7:17  Refinery, SCV  
  109  7:18  SCV x2  
  109  7:19  Supply Depot, Refinery  
  109  7:22  Marine x4  
  117  7:26  Widow Mine x2  
  117  7:29  SCV  
  123  7:30  SCV  
  123  7:31  Marine  
  123  7:37  Marauder x2  
  126  7:42  Command Center  
  126  7:43  Marine x4  
  132  7:47  Supply Depot  
  132  7:48  Supply Depot  
  132  7:50  SCV x3  
  135  8:02  SCV  
  136  8:11  Marauder x2, Marine x3  
  136  8:12  Marauder  
  144  8:19  Marine  
  135  8:29  Marine  
  135  8:30  Viking x2  
  135  8:31  Starport  
  135  8:33  Marauder x2  
  139  8:37  Marine x2  
  139  8:38  Marauder, Marine  
  144  8:54  Marauder  
  146  9:03  Viking x2  
  146  9:05  Missile Turret  
  146  9:08  Viking x2  
  154  9:10  Marauder x2, Marine x3  
  154  9:11  Marine  
  154  9:15  Marine  
  163  9:19  Planetary Fortress  
  161  9:25  Missile Turret  
  161  9:30  Bunker  
  161  9:33  Viking  
  161  9:36  Marauder x3, Marine x2  
  153  9:49  Liberator  
  153  9:50  Liberator  
  136  9:53  Marine  
  136  9:57  Marauder x3  
  143  10:00  Ghost Academy  
  143  10:05  Marine x2  
  154  10:29  Marine x2  
  154  10:47  Refinery  
  154  10:48  Refinery  
Show
View Real Time Build Order
Export as new Build Order

Aerocool Protoss 

Build Orders: 1 Gate Expand, Blink Stalkers 

Get SALT Encoding   

  12  0:00  Probe  
  13  0:12  Probe  
  14  0:17  Pylon  
  14  0:23  Probe  
  15  0:32  Probe  
  15  0:38  Gateway  
  15  0:40  Probe  
  16  0:47  Assimilator  
  17  0:51  Probe  
  18  1:03  Probe  
  19  1:15  Probe  
  20  1:26  Cybernetics Core  
  20  1:37  Nexus  
  20  1:39  Probe  
  21  1:45  Pylon  
  21  1:53  Assimilator  
  21  1:54  Adept  
  21  1:55  Probe  
  22  2:04  Probe  
  22  2:05  Warp Gate  
  25  2:12  Probe  
  25  2:22  Probe  
  26  2:25  Pylon  
  27  2:31  Stalker  
  27  2:35  Probe  
  30  2:44  Probe  
  30  2:48  Probe  
  32  2:52  Probe  
  32  2:55  Twilight Council  
  33  3:01  Probe x2  
  33  3:03  Blink  
  35  3:07  Stalker  
  37  3:13  Probe x2  
  39  3:25  Probe x2  
  41  3:28  Gateway  
  41  3:31  Gateway  
  41  3:37  Probe  
  41  3:38  Probe  
  43  3:49  Probe  
  43  3:52  Probe  
  45  3:57  Pylon  
  45  3:59  Assimilator  
  45  4:00  Assimilator  
  45  4:01  Probe  
  46  4:04  Probe  
  47  4:13  Probe  
  47  4:16  Probe  
  49  4:21  Robotics Facility  
  49  4:24  Forge  
  49  4:25  Probe  
  49  4:26  Gateway  
  49  4:28  Probe  
  49  4:29  Stalker  
  53  4:38  Probe  
  54  4:39  Stalker  
  54  4:40  Probe  
  54  4:42  Stalker  
  59  4:49  Protoss Ground Armor Level 1, Pylon  
  59  4:50  Probe  
  60  4:53  Probe  
  60  4:56  Charge  
  60  4:59  Stalker  
  61  5:02  Probe  
  63  5:07  Probe  
  63  5:10  Observer  
  65  5:14  Probe  
  65  5:27  Stalker x2  
  69  5:33  Pylon  
  69  5:35  Pylon, Nexus  
  69  5:36  Robotics Bay  
  67  5:44  Stalker  
  67  5:47  Probe  
  70  5:50  Pylon  
  70  5:51  Probe  
  70  5:53  Sentry  
  70  5:55  Immortal  
  73  5:59  Probe  
  73  6:03  Probe  
  75  6:10  Gateway  
  79  6:12  Probe  
  79  6:14  Gateway  
  79  6:15  Probe  
  79  6:23  Colossus  
  79  6:24  Gateway  
  79  6:25  Gateway  
  79  6:26  Pylon  
  79  6:27  Zealot x2  
  79  6:30  Probe  
  90  6:40  Protoss Ground Weapons Level 1  
  90  6:42  Pylon  
  90  6:45  Probe x2  
  92  6:50  Extended Thermal Lance  
  92  6:57  Probe  
  93  7:07  Zealot x4  
  101  7:09  Probe  
  101  7:10  Observer, Probe  
  103  7:20  Colossus  
  104  7:23  Assimilator  
  104  7:26  Assimilator  
  104  7:29  Pylon  
  110  7:51  Zealot x5  
  110  7:52  Zealot x3  
  110  7:57  Colossus  
  120  8:19  Zealot x5  
  126  8:20  Zealot x3  
  122  8:37  Colossus  
  122  8:52  Pylon x2, Stalker x2  
  132  8:56  Pylon  
  132  8:57  Pylon  
  132  9:15  Stalker x5  
  132  9:16  Stalker x3  
  148  9:21  Warp Prism  
  148  9:29  Probe  
  148  9:30  Templar Archives, Probe  
  148  9:39  Colossus  
  96  9:57  Zealot x5, Sentry  
  96  9:58  Sentry, Stalker  
  106  10:16  Gateway  
  106  10:20  Gateway  
  106  10:24  High Templar x8  
  106  10:28  Archon x4  
Tags
 
Add a new tag
Caveats
  • Supply blocks, unpowered buildings, or Contaminate may cause inaccurate times.
  • Supply counts are checked every 10 seconds.